Map: Apotheosis LE

Players

Nickos

  • Race: Terran Terran
  • League: Gold

Bobby - Winner!

  • Race: Terran Terran
  • League: Gold

VOD

Have the link to the VOD?

Description

Time

  • Played on: Oct. 2, 2016, 5:26 p.m.
  • Length: 9:23
Show
View Real Time Build Order
Export as new Build Order

Nickos Terran 

Build Orders:  

Get SALT Encoding   

  12  0:01  SCV  
  13  0:13  SCV  
  14  0:17  Supply Depot  
  14  0:25  SCV  
  15  0:39  SCV  
  15  0:41  Barracks  
  16  0:51  SCV  
  17  1:03  SCV  
  18  1:15  SCV  
  19  1:22  Command Center  
  19  1:28  Marine  
  20  1:33  Orbital Command  
  20  1:45  Marine  
  21  1:49  Barracks  
  21  1:55  Supply Depot  
  21  1:59  SCV  
  22  2:19  Bunker  
  22  2:22  Bunker  
  22  2:25  Marine  
  22  2:26  Barracks  
  23  2:47  Marine  
  23  2:48  Marine  
  23  2:49  SCV  
  26  3:03  SCV  
  26  3:05  Marine  
  27  3:06  Marine  
  28  3:21  Marine  
  28  3:23  Marine x2  
  31  3:39  Marine  
  31  3:41  Bunker, Marine x2  
  33  3:57  Marine  
  33  3:59  Marine x2  
  35  4:16  Marine x2  
  32  4:33  Marine  
  32  4:34  Marine x2  
  26  4:51  SCV, Marine  
  26  4:52  Marine  
  27  5:01  Marine  
  28  5:09  Marine  
  28  5:10  Marine  
  30  5:15  Bunker, SCV  
  30  5:17  Orbital Command  
  30  5:19  Marine  
  32  5:21  Supply Depot x2  
  32  5:27  Marine  
  33  5:28  Marine  
  34  5:37  Marine  
  35  5:48  Marine  
  35  5:49  Marine  
  36  5:55  Marine  
  30  6:06  Marine x2  
  29  6:12  SCV x2  
  31  6:18  Refinery  
  31  6:22  Bunker  
  31  6:24  SCV  
  31  6:25  Marine x3  
  26  6:43  Marine x3  
  26  7:01  Marine x3  
  25  7:06  Bunker  
  18  7:18  Marine  
  18  7:19  Marine x2  
  20  7:34  SCV x2  
  20  7:36  Marine  
  23  7:46  SCV  
  23  7:47  SCV  
  28  7:59  Orbital Command  
  28  8:02  Barracks Tech Lab  
  28  8:03  Barracks Reactor  
  25  8:11  Refinery  
  25  8:25  SCV x2  
  27  8:37  SCV  
  27  8:40  Marine x4  
  26  8:49  SCV x2  
  26  8:58  Marine  
  26  8:59  Marine  
  26  9:01  SCV  
Show
View Real Time Build Order
Export as new Build Order

Bobby Terran - Winner!

Build Orders:  

Get SALT Encoding   

  12  0:01  SCV  
  13  0:13  SCV  
  14  0:18  Supply Depot  
  14  0:25  SCV  
  15  0:39  SCV  
  15  0:42  Barracks  
  16  0:50  Refinery  
  16  0:51  SCV  
  17  1:04  SCV  
  18  1:09  Barracks  
  18  1:16  SCV  
  19  1:22  Refinery  
  19  1:28  SCV  
  20  1:36  Bunker  
  20  1:40  SCV  
  20  1:44  Reaper  
  22  1:56  Barracks  
  22  2:02  Supply Depot  
  22  2:10  Reaper  
  23  2:24  Reaper, SCV  
  23  2:28  Supply Depot  
  25  2:42  Reaper, SCV  
  27  2:44  Reaper  
  28  2:54  SCV  
  28  2:56  Reaper  
  28  2:57  Supply Depot  
  30  3:14  Reaper  
  30  3:16  Reaper  
  31  3:28  Reaper  
  32  3:40  SCV  
  33  3:46  Reaper  
  34  3:48  Reaper  
  34  3:49  Barracks  
  34  3:52  SCV  
  36  4:00  Reaper  
  37  4:04  SCV  
  35  4:18  Reaper  
  35  4:21  Reaper  
  36  4:32  Reaper  
  33  4:50  Reaper  
  34  4:53  Reaper  
  35  5:04  Reaper  
  35  5:14  Command Center  
  35  5:18  SCV  
  35  5:21  Command Center  
  36  5:23  Reaper, Supply Depot  
  36  5:24  Supply Depot  
  36  5:25  Reaper  
  38  5:30  SCV  
  38  5:34  Reaper  
  40  5:36  Reaper  
  41  5:55  Reaper  
  42  5:57  Reaper  
  43  6:06  Reaper  
  43  6:09  Reaper  
  43  6:17  Orbital Command  
  43  6:27  Reaper  
  43  6:29  Reaper  
  44  6:38  Reaper  
  42  6:50  Reaper  
  42  6:59  Reaper  
  42  7:01  Reaper  
  41  7:10  Reaper  
  42  7:22  Reaper, SCV  
  41  7:31  Reaper  
  41  7:33  Reaper  
  41  7:34  SCV  
  44  7:42  Reaper  
  45  7:46  SCV  
  45  7:47  Engineering Bay  
  45  7:48  Command Center  
  46  7:52  SCV  
  46  7:53  Factory  
  46  7:54  SCV  
  47  7:58  SCV  
  47  8:06  SCV  
  47  8:08  Engineering Bay  
  47  8:10  SCV  
  49  8:13  Reaper x2  
  49  8:16  Refinery x2  
  49  8:18  SCV  
  52  8:22  SCV  
  53  8:29  SCV  
  53  8:30  SCV  
  53  8:32  Refinery  
  55  8:34  SCV  
  56  8:41  SCV  
  56  8:42  SCV  
  56  8:46  SCV  
  58  8:54  SCV x2  
  61  8:59  SCV  
  64  9:06  SCV  
  65  9:11  SCV  
Tags
 
League
GoldGold
Matchup
TvT
Race
Terran
Replay Pack
Nickos replay
Add a new tag
Caveats
  • Supply blocks, unpowered buildings, or Contaminate may cause inaccurate times.
  • Supply counts are checked every 10 seconds.